 Dungeon Crawl Stone Soup version 0.32-a0-599-gba8f9cf90e (webtiles) character file.

Game seed: 3315364465620791731

2985276 oppeldang the Slayer (level 27, 276/276 HPs)
             Began as an Octopode Wanderer on Mar 2, 2024.
             Was the Champion of Jiyva.
             Escaped with the Orb
             ... and 4 runes
             ... and 2 gems on Mar 3, 2024!
             The game lasted 02:53:40 (52324 turns).

oppeldang the Slayer (Octopode Wanderer)           Turns: 52324, Time: 02:53:40

Health: 276/276    AC: 27    Str: 22    XL:     27
Magic:  43/43      EV: 63    Int: 18    God:    Jiyva [******]
Gold:   147        SH: 29    Dex: 47    Spells: 5/44 levels left

rFire   + + +        l - +8 demon blade (freeze)
rCold   + + .        V - +4 kite shield
rNeg    + + +        I - -2 hat of the Alchemist {rElec rPois rF+ rC+ rN+ Will+ rMut rCorr}
rPois   ∞            B - amulet of reflection
rElec   +            Q - +5 ring of evasion
rCorr   +            u - ring of Relativism {^Drain +Blink rElec rC+ Dex+6}
SInv    .            S - ring of Wiutownehae {+Blink rF+++ rN+ rCorr}
Will    +++..        w - +6 ring of dexterity
Stlth   +++          t - +6 ring of dexterity
HPRegen 2.26/turn    R - +6 ring of dexterity
MPRegen 1.08/turn    v - +6 ring of dexterity
                     j - +5 ring of evasion

%: reflection, resist mutation
@: statue-form, studying 2 skills, very slow
A: slow and powerful, torment resistance 1, boosted hp, almost no armour,
amphibious, 8 rings, camouflage 3, (gelatinous body 2), (nimble swimmer 1),
tentacles, (iridescent scales 2), clever 1, high MP 2, sense surroundings 2,
(shaggy fur 2), electricity resistance, strong 2, pseudopods 1, tendrils, engulf
0: Orb of Zot
}: 4/15 runes: decaying, serpentine, slimy, silver
a: Begin Untransformation, Renounce Religion, Evoke Blink, Oozemancy, Slimify


You escaped.
You worshipped Jiyva.
Jiyva was exalted by your worship.
You were a living statue of rough stone.
You visited 12 branches of the dungeon, and saw 56 of its levels.
You also visited: Sewer.

You collected 6879 gold pieces.
You spent 6732 gold pieces at shops.

Inventory:

Hand Weapons
 l - a +8 demon blade of freezing (weapon)
 F - a +3 quick blade of distortion
 X - the +11 falchion of Wu Jian's Grace {holy, Int+8}
   (You found it on level 2 of the Depths)

   Int+8:     It affects your intelligence (+8).
Missiles
 L - a throwing net {!f}
Armour
 I - the -2 hat of the Alchemist (worn) {rElec rPois rF+ rC+ rN+ Will+ rMut rCorr}
   (You found it on level 3 of the Elven Halls)

   rF+:       It protects you from fire.
   rC+:       It protects you from cold.
   rElec:     It insulates you from electricity.
   rPois:     It protects you from poison.
   rN+:       It protects you from negative energy.
   Will+:     It increases your willpower.
   rCorr:     It protects you from acid and corrosion.
   rMut:      It protects you from mutation.
 V - a +4 kite shield (worn)
Jewellery
 a - the ring "Istruxa" {rElec Will++ rCorr Int-3}
   (You took it off a deep elf annihilator on level 3 of the Elven Halls)

   [ring of resist corrosion]

   Int-3:     It affects your intelligence (-3).
   rElec:     It insulates you from electricity.
   Will++:    It greatly increases your willpower.
   rCorr:     It protects you from acid and corrosion.
 j - a +5 ring of evasion (on tentacle)
 s - a ring of see invisible
 t - a +6 ring of dexterity (on tentacle)
 u - the ring of Relativism (right tentacle) {^Drain +Blink rElec rC+ Dex+6}
   (You found it on level 3 of the Lair of Beasts)

   [ring of protection from cold]

   Dex+6:     It affects your dexterity (+6).
   rC+:       It protects you from cold.
   rElec:     It insulates you from electricity.
   +Blink:    It lets you blink.
   ^Drain:    It drains your maximum health when unequipped.
 v - a +6 ring of dexterity (on tentacle)
 w - a +6 ring of dexterity (on tentacle)
 y - a ring of willpower
 B - an amulet of reflection (around mantle)
 G - a +6 ring of intelligence
 H - a +4 ring of slaying
 J - the amulet "Miostriol" {Spirit rElec rPois rF- Dex+4}
   (You took it off a rakshasa on level 1 of the Depths)

   [amulet of guardian spirit]

   Spirit:    It causes incoming damage to be divided between your reserves of
   health and magic.
   Dex+4:     It affects your dexterity (+4).
   rF-:       It makes you vulnerable to fire.
   rElec:     It insulates you from electricity.
   rPois:     It protects you from poison.
 M - the necklace of Bloodlust {Fury *Rage Will++ Int-3 Slay+6}
   (You found it on level 5 of the Pits of Slime)

   [amulet of nothing]

   Fury:      It extends the wearer's berserk rage when killing foes.
   Int-3:     It affects your intelligence (-3).
   Slay+6:    It affects your accuracy & damage with ranged weapons and melee
   (+6).
   Will++:    It greatly increases your willpower.
   *Rage:     It berserks you when you make melee attacks (+50% chance).
 Q - a +5 ring of evasion (left tentacle)
 R - a +6 ring of dexterity (on tentacle)
 S - the ring of Wiutownehae (on tentacle) {+Blink rF+++ rN+ rCorr}
   (You took it off a deep elf death mage on level 3 of the Elven Halls)

   [ring of resist corrosion]

   rF+++:     It renders you almost immune to fire.
   rN+:       It protects you from negative energy.
   +Blink:    It lets you blink.
   rCorr:     It protects you from acid and corrosion.
Talismans
 Z - a granite talisman (active)
Wands
 p - a wand of roots (20)
 r - a wand of acid (27) {@v1}
 K - a wand of digging (13) {@v3}
 U - a wand of charming (34)
Scrolls
 c - 4 scrolls of fog
 f - 6 scrolls of butterflies
 g - 3 scrolls of fear
 q - 2 scrolls of silence
 x - 18 scrolls of teleportation {@r3}
 T - 5 scrolls of blinking {@r4}
Potions
 h - 2 potions of berserk rage
 i - 5 potions of lignification
 k - 3 potions of ambrosia
 m - 18 potions of curing {@q1}
 n - 8 potions of mutation
 z - 10 potions of heal wounds {@q2}
 A - 7 potions of cancellation
 C - 2 potions of magic
 D - 3 potions of haste {@q4}
 E - 8 potions of might {@q3}
 O - a potion of resistance {@q5}
 P - 3 potions of invisibility
 W - 6 potions of enlightenment
Miscellaneous
 d - a condenser vane
 o - a phial of floods
 N - a phantom mirror
 Y - a lightning rod (4/4)


   Skills:
 * Level 23.8 Fighting
 - Level 7.1(13.3) Short Blades
 - Level 17.4(18.0) Long Blades
 - Level 1.0 Polearms
 - Level 23.0 Dodging
 - Level 7.0 Stealth
 - Level 15.0 Shields
 - Level 9.0 Spellcasting
 - Level 8.0 Hexes
 - Level 13.0 Summonings
 - Level 7.0 Translocations
 - Level 6.6 Ice Magic
 - Level 6.0 Air Magic
 - Level 2.0 Invocations
 - Level 13.0 Evocations
 - Level 18.0 Shapeshifting


You had 5 spell levels left.
You knew the following spells:

 Your Spells              Type           Power      Damage    Failure   Level
a - Summon Mana Viper     Hex/Summ       45%        N/A       4%          5
b - Ozocubu's Armour      Ice            32%        N/A       2%          3
c - Summon Forest         Summ/Tloc      22%        N/A       6%          5
d - Swiftness             Air            29%        N/A       3%          3
e - Manifold Assault      Tloc           33%        N/A       8%          4
f - Blink                 Tloc           66%        N/A       1%          2
g - Vhi's Electric Charg  Tloc/Air       62%        N/A       9%          4
h - Lesser Beckoning      Tloc           66%        N/A       1%          2
i - Summon Cactus Giant   Summ           26%        N/A       10%         6
j - Apportation           Tloc           66%        N/A       1%          1
k - Passage of Golubria   Tloc           33%        N/A       8%          4

Your spell library contained the following spells:

 Spells                   Type           Power      Damage    Failure   Level
 Freeze                   Ice            100%       1d10      1%          1
 Slow                     Hex            100%       N/A       1%          1
 Summon Small Mammal      Summ           100%       N/A       1%          1
 Call Imp                 Summ           100%       N/A       1%          2
 Jinxbite                 Hex            72%        N/A       1%          2
 Call Canine Familiar     Summ           53%        N/A       1%          3
 Summon Ice Beast         Ice/Summ       43%        N/A       1%          3
 Tukima's Dance           Hex            36%        N/A       1%          3
 Frozen Ramparts          Ice            64%        1d10      2%          3
 Gell's Gravitas          Tloc           33%        N/A       2%          3
 Teleport Other           Tloc           33%        N/A       2%          3
 Summon Lightning Spire   Summ/Air       42%        N/A       2%          4
 Shock                    Conj/Air       72%        1d7       3%          1
 Cause Fear               Hex            18%        N/A       4%          4
 Mercury Vapours          Alch/Air       36%        N/A       6%          2
 Static Discharge         Conj/Air       36%        3-5/arc   6%          2
 Dimensional Bullseye     Hex/Tloc       17%        N/A       6%          4
 Dazzling Flash           Conj/Hex       44%        N/A       8%          3
 Inner Flame              Hex/Fire       22%        N/A       8%          3
 Cigotuvi's Dreadful Rot  Necr/Alch/Air  30%        N/A       9%          2
 Martyr's Knell           Necr/Summ      31%        N/A       9%          4
 Summon Blazeheart Golem  Fire/Summ      31%        N/A       9%          4
 Hailstorm                Conj/Ice       20%        3d7       10%         3
 Airstrike                Air            14%        2d(3-19)  11%         4
 Magic Dart               Conj           32%        1d4       13%         1
 Necrotise                Necr           32%        1d5       13%         1
 Sting                    Conj/Alch      32%        1d5       13%         1
 Scorch                   Fire           16%        2d5       21%         2
 Searing Ray              Conj           16%        2d5       21%         2
 Anguish                  Hex/Necr       11%        N/A       26%         4
 Iskenderun's Mystic Bla  Conj/Tloc      20%        2d6       30%         4
 Fugue of the Fallen      Necr           8%         N/A       36%         3
 Stone Arrow              Conj/Erth      16%        3d8       36%         3
 Vampiric Draining        Necr           8%         2d6       36%         3
 Freezing Cloud           Conj/Ice/Air   11%        6-21      54%         5
 Yara's Violent Unravell  Hex/Alch       11%        3d6       56%         5
 Arcjolt                  Conj/Air       9%         1d19      71%         5
 Animate Dead             Necr           8%         N/A       78%         4
 Flame Wave               Conj/Fire      8%         2d5       78%         4
 Fulminant Prism          Conj/Alch      4%         3d5       78%         4
 Ignite Poison            Fire/Alch      8%         N/A       78%         4
 Leda's Liquefaction      Alch/Erth      4%         N/A       78%         4
 Olgreb's Toxic Radiance  Alch           8%         N/A       78%         4
 Sticky Flame             Fire/Alch      8%         2d4       78%         4
 Curse of Agony           Necr           8%         N/A       98%         5
 Irradiate                Conj/Alch      4%         3d13      98%         5
 Iskenderun's Battlesphe  Conj           8%         2d6       98%         5
 Lee's Rapid Deconstruct  Erth           4%         3d5*      98%         5
 Summon Hydra             Summ           26%        N/A       47%         7
 Dispersal                Tloc           16%        N/A       75%         6
 Malign Gateway           Summ/Tloc      22%        N/A       88%         7
 Plasma Beam              Fire/Air       9%         2x1d19    99%         6
 Sculpt Simulacrum        Ice/Alch       10%        N/A       99%         6
 Bombard                  Conj/Erth      4%         9d2       100%        6
 Eringya's Noxious Bog    Alch           4%         4d6       100%        6
 Haunt                    Necr/Summ      15%        N/A       100%        7
 Spellforged Servitor     Conj/Summ      15%        N/A       100%        7
 Borgnjor's Revivificati  Necr           4%         N/A       100%        8
 Ignition                 Fire           4%         3d4       100%        8
 Infestation              Necr           4%         N/A       100%        8
 Lehudib's Crystal Spear  Conj/Erth      4%         10d3      100%        8
 Chain Lightning          Conj/Air       9%         3d12      100%        9
 Death's Door             Necr           4%         N/A       100%        9
 Fire Storm               Conj/Fire      4%         8d1       100%        9
 Shatter                  Erth           4%         3d7*      100%        9
 Animate Armour           Summ/Erth      Unusable   N/A       N/A         4

Dungeon Overview and Level Annotations

Branches:
Dungeon (15/15)            Temple (1/1) D:6            Lair (5/5) D:10
  Swamp (4/4) Lair:3        Snake (4/4) Lair:3        Slime (5/5) Lair:4
    Orc (2/2) D:12            Elf (3/3) Orc:2        Vaults (5/5) D:14
  Crypt (3/3) Vaults:3       Tomb (0/3) Crypt:3      Depths (4/4) D:15
    Zot (5/5) Depths:4      Sewer (visited)

Altars:
Ashenzari
Cheibriados
Dithmenos
Elyvilon
Fedhas
Gozag
Hepliaklqana
Kikubaaqudgha
Makhleb
Nemelex Xobeh
Okawaru
Qazlal
Ru
Sif Muna
Trog
Uskayaw
Vehumet
Wu Jian
Xom
Yredelemnul
Zin
The Shining One
Beogh
Jiyva

Shops:
D:2 (=!!   D:15 :   Orc:2 (=:(   Swamp:1 *   Snake:1 (((   Vaults:3 *
Depths:1 =?=*   Depths:3 (=:

Portals:
Hell: Depths:1 Depths:2 Depths:3 Depths:4
Abyss: Depths:3
Pandemonium: Depths:1 Depths:2 Depths:3
Ziggurat: Depths:1
Trove: Elf:1 (give 2 scrolls of acquirement)

Annotations:
Crypt:3 1 runed translucent door, Fysokimp's ghost, adept DgNe
Depths:3 1 exclusion


Innate Abilities, Weirdness & Mutations

You are a living statue of rough stone.
Your actions are slow, but your melee attacks are powerful.
You are resistant to unholy torment.
Your maximum health is greatly increased.
You cannot wear most types of armour.
You are amphibious.
You can wear up to eight rings at the same time.
You are immune to poison.
Your skin perfectly mimics your surroundings (Stealth+++).
((Your pliable body absorbs attacks. (AC +2, EV +2)))
((You are camouflaged when in or above water. (Stealth+)))
You have tentacles for arms and can constrict up to eight enemies at once.
((You are mostly covered in iridescent scales. (AC +4)))
Your mind is acute. (Int +4, Str/Dex -1)
You have a considerably increased reservoir of magic. (+20% MP)
You passively map the area around you.
((You are covered in thick fur. (AC +2)))
You are resistant to electric shocks. (rElec)
Your muscles are very strong. (Str +8, Int/Dex -2)
Armour fits poorly on your pseudopods.
You are covered in slimy tendrils that may disarm your opponents.
Your melee attacks may engulf your foes in ooze.


Message History

The ufetubus disappears in a puff of smoke!
The ufetubus slips past you! You block the ufetubus's attack. x2
The ynoxinul gestures.
You block the ufetubus's attack. The ufetubus completely misses you.
You slice the ufetubus!!
You kill the ufetubus!
The ufetubus disappears in a puff of smoke!
You block the ufetubus's attack. x2
The ynoxinul gestures.
The ufetubus slips past you! You block the ufetubus's attack.
The ufetubus completely misses you.
You cut the ufetubus into ribbons!!! You freeze the ufetubus.
You kill the ufetubus!
The ufetubus disappears in a puff of smoke!
An Orb Guardian comes into view.
The ufetubus disappears in a puff of smoke!
You block the ufetubus's attack. x2
The ufetubus slips past you! You block the ufetubus's attack. x2
The ufetubus completely misses you. You block the ufetubus's attack. x2
The ufetubus completely misses you.
The ynoxinul gestures.
You block the ufetubus's attack. The ufetubus completely misses you.
The ufetubus attacks as it pursues you! You block the ufetubus's attack. x3
The ufetubus completely misses you. The ufetubus slips past you!
The ufetubus completely misses you. x4
You chop the ufetubus into pieces!!! You freeze the ufetubus.
You kill the ufetubus!
The ufetubus disappears in a puff of smoke!
You block the Orb Guardian's attack. You block the ufetubus's attack. x2
The Orb Guardian completely misses you.
The ynoxinul gestures.
The ufetubus slips past you! You block the ufetubus's attack. x2
The Orb Guardian completely misses you. You block the ufetubus's attack.
The ufetubus completely misses you.
There is a staircase leading out of the dungeon here.
The ufetubus disappears in a puff of smoke!
You block the ufetubus's attack. x2; You block the Orb Guardian's attack.
The ufetubus completely misses you. x4; The Orb Guardian completely misses you.
The ufetubus completely misses you. x2
You have escaped!

..#.........## ##5##.#.# #.....
..#.#####.##.## #.#.##.# #.....
..#.#####.###.# #..###.# #.....
............#(## #..###.####.....
.........)..#..###55#............
###.#####.####..#55############.#
#.# #.# #..#35#........# #.#
#.#####.#####.X5#########.# #..
#)..........#.I5# #.# ###
#.#####..####5..## #.### #
#..........#..#..# ###...# #
#######[.###..#..## #.....# #
#..##..###..# #.###.# # #..##.##
##.# #.# #.# # #..##.# #.## #.#
#.### #..#.## ##.####.###.#..
##..## ##............


You could see an Orb Guardian, a ynoxinul and 8 ufetubi.

Vanquished Creatures
  7 orbs of fire (Zot:5)
  7 dread liches
  2 ancient liches (Vaults:5)
  A juggernaut (Depths:2)
  Mennas (Depths:3)
  Xtahua (Vaults:5)
  Vv (Depths:3)
  Saint Roka (Vaults:4)
  4 Killer Klowns (Zot:5)
  Boris (Depths:2)
  Margery (Crypt:2)
  A caustic shrike (Depths:2)
  2 curse toes (Zot:5)
  A profane servitor (Depths:2)
  6 golden dragons
  Jory (Depths:4)
  Norris (Depths:3)
  3 bone dragons
  2 electric golems (Zot:5)
  A shard shrike zombie (Crypt:1)
  3 hellephants
  10 tentacled monstrosities
  2 walking crystal tomes
  A Hell Sentinel (D:8)
  3 liches
  28 Orb Guardians
  2 deep elf master archers (Elf:3)
  7 titans (Vaults:5)
  A walking earthen tome (Depths:2)
  2 deep elf blademasters (Elf:3)
  Mlioglotl (Snake:1)
  5 sphinxes
  4 quicksilver dragons
  4 ancient champions
  Kirke (Lair:5)
  An Executioner (D:7)
  Gastronok (D:12)
  5 death cobs
  8 shadow dragons
  3 thorn hunters (Swamp:3)
  9 storm dragons
  Donald (Snake:2)
  5 tengu reavers
  A draconian monk (Zot:3)
  3 deep elf sorcerers
  6 nagarajas
  5 iron dragons
  4 revenants
  A protean progenitor (Zot:5)
  11 frost giants
  16 fire giants
  2 draconian shifters
  6 deep elf elementalists (Elf:3)
  A caustic shrike zombie (Crypt:1)
  3 draconian knights
  2 balrugs (Depths:3)
  17 vault wardens
  A ghost moth (Crypt:3)
  A draconian stormcaller (Zot:4)
  Louise (Elf:2)
  3 spriggan defenders
  3 ghouls
  4 curse skulls
  4 draconian scorchers
  A shard shrike simulacrum (Crypt:3)
  14 very ugly things
  12 ironbound preservers
  6 ironbound thunderhulks
  15 stone giants
  9 green draconians
  4 deep elf demonologists
  5 black draconians
  9 purple draconians
  A spectral titan (Crypt:3)
  5 white draconians
  7 vampire knights
  10 deep elf annihilators
  2 bunyips (Swamp:3)
  2 eleionomae
  15 deep elf death magi
  A lorocyproca (Depths:3)
  2 yellow draconians
  Azrael (D:15)
  10 eidola
  2 war gargoyles (Vaults:3)
  11 dire elephants
  2 blizzard demons (Depths:3)
  17 spark wasps
  22 ettins
  Snorg (Orc:1)
  5 red draconians
  A mummy priest (Crypt:3)
  15 fire dragons
  2 crystal guardians (Vaults:4)
  4 spectral quicksilver dragons (Crypt:3)
  3 spectral spriggans (Crypt:3)
  2 green deaths
  9 jiangshi
  Josephine (D:10)
  A quicksilver dragon zombie (Crypt:3)
  4 shambling mangroves
  9 deep elf high priests
  35 vault guards
  8 yaktaur captains
  2 hell beasts
  The ghost of Ananasrisotto the Cleaver, a journeyman MDMo of Okawaru (D:9)
  2 salamander tyrants (Snake:4)
  3 rakshasas
  12 ice dragons
  6 spriggan air magi
  2 ogre magi (Vaults:5)
  14 hydras
  13 ironbound frosthearts
  2 peacekeepers
  4 centaur warriors
  A catoblepas (D:13)
  5 alligators
  3 death knights
  A spectral shadow dragon (Crypt:3)
  16 anacondas
  26 dancing weapons
  18 death yaks
  9 boulder beetles
  A spectral stone giant (Crypt:3)
  4 tengu warriors
  9 deep troll shamans
  5 hell hogs
  A sphinx skeleton (Depths:1)
  8 deep troll earth magi
  8 spriggan berserkers
  2 two-headed ogres
  A spectral dire elephant (Crypt:3)
  4 occultists
  5 shock serpents
  4 hell knights
  13 naga sharpshooters
  6 vampire magi
  A quicksilver ooze zombie (Crypt:2)
  4 orc high priests (Orc:2)
  A spectral storm dragon (Crypt:3)
  A titan skeleton (Crypt:3)
  11 naga warriors
  2 soul eaters
  7 shadow wraiths
  6 skysharks
  20 deep elf knights
  7 goliath frogs
  A spectral bunyip (Crypt:3)
  5 sixfirhies
  13 skeletal warriors
  A bog body (Swamp:1)
  3 salamander mystics
  A sea snake (shapeshifter) (Depths:2)
  10 iron trolls
  7 flayed ghosts
  46 deep trolls
  5 spriggan druids
  Pikel (D:7)
  12 mana vipers
  A spectral anaconda (Crypt:3)
  A spectral hydra (Crypt:3)
  A shadow demon (Depths:3)
  An obsidian statue (D:15)
  A spriggan simulacrum (Crypt:1)
  9 swamp dragons
  12 naga ritualists
  10 lindwurms
  16 phantasmal warriors
  11 ironbound convokers
  An alligator zombie (Crypt:2)
  An orange crystal statue (D:15)
  17 deep elf archers
  5 thermic dynamos
  4 arcanists
  2 large abominations (D:7)
  26 deep elf zephyrmancers
  7 necromancers
  4 orc knights
  16 harpies
  46 deep elf pyromancers
  40 ugly things
  A spectral ettin (Crypt:3)
  5 cyclopes
  3 orc sorcerers
  4 manticores
  A spectral centaur (Crypt:3)
  10 salamanders
  A will-o-the-wisp (Swamp:3)
  An oklob plant (Swamp:3)
  10 meliai
  8 moths of wrath
  A frost giant skeleton (Vaults:5)
  44 black mambas
  7 elephants
  7 guardian serpents
  4 rust devils
  20 vault sentinels
  24 naga magi
  4 kobold blastminers (Orc:1)
  A titan simulacrum (Crypt:3)
  6 torpor snails
  A smoke demon (Depths:3)
  A gargoyle (D:12)
  An unseen horror (shapeshifter) (D:15)
  A black draconian zombie (Crypt:2)
  11 cane toads
  A hellion (Depths:3)
  23 yaktaurs
  4 rime drakes
  22 freezing wraiths
  Psyche (D:12)
  8 komodo dragons
  3 unseen horrors
  A sea snake zombie (Crypt:3)
  7 tengu conjurers
  3 spriggan zombies
  6 guardian mummies (Crypt:3)
  A kobold demonologist (D:10)
  2 tormentors (Depths:3)
  An efreet (D:15)
  An ice devil (D:3)
  6 trolls
  20 hornets
  3 polar bears
  A wind drake (shapeshifter) (D:15)
  A harpy skeleton (Crypt:3)
  2 boulder beetle zombies
  An iron dragon simulacrum (Crypt:3)
  3 blink frogs (Lair:3)
  15 tyrant leeches
  A frost giant simulacrum (Depths:1)
  2 stone giant simulacra
  4 dream sheep
  A hydra skeleton (Crypt:1)
  A jumping spider zombie (Crypt:1)
  An ettin zombie (Depths:1)
  14 water elementals
  A yak (shapeshifter) (Elf:2)
  7 shadows
  7 air elementals
  11 spriggans
  A hog (Lair:5)
  A vampire (D:12)
  A fire dragon skeleton (Crypt:1)
  A centaur simulacrum (Crypt:3)
  6 nameless horrors
  9 wraiths
  6 wyverns
  A naga simulacrum (Crypt:1)
  4 basilisks
  27 yaks
  6 fire elementals
  2 steam dragons
  3 wargs
  12 vampire mosquitoes
  A glowing shapeshifter zombie (Vaults:1)
  13 swamp worms
  A fire bat zombie (Crypt:1)
  2 acid dragons
  49 nagas
  5 hell hounds (D:15)
  26 water moccasins
  3 swamp drakes (Swamp:4)
  A hornet zombie (Crypt:1)
  A sky beast (D:8)
  A black bear (Lair:2)
  26 orc warriors
  9 laughing skulls
  An ettin simulacrum (Crypt:3)
  12 ogres
  6 wolves
  4 centaurs
  A blink frog skeleton (Crypt:3)
  4 lemures (D:7)
  A phantom (D:12)
  3 kobold brigands
  13 bullfrogs
  2 scorpions (D:6)
  5 earth elementals
  2 glowing shapeshifter simulacra (Vaults:5)
  3 human skeletons
  A cyclops skeleton (Crypt:1)
  A raiju zombie (Crypt:3)
  17 wights
  A polar bear zombie (Crypt:1)
  9 killer bees
  A troll zombie (D:12)
  A howler monkey (D:6)
  A bombardier beetle (D:6)
  3 jellies (Sewer)
  31 orc priests
  3 hounds
  2 iguanas
  Jessica (D:3)
  2 basilisk skeletons (Crypt:2)
  A sleepcap (D:4)
  Terence (D:3)
  A gnoll bouda (D:8)
  23 orc wizards
  9 hell rats
  5 ogre zombies (D:12)
  A deep dwarf skeleton (Crypt:1)
  A hound zombie (Crypt:1)
  6 gnolls
  12 adders
  A white imp (D:7)
  3 ufetubi (D:5)
  4 dart slugs
  A ribbon worm (D:4)
  70 orcs
  6 ball pythons
  16 endoplasms
  3 giant cockroaches
  7 goblins
  5 hobgoblins
  2 quokkas
  6 bats
  6 frilled lizards
  A frilled lizard skeleton (Crypt:2)
  3 gnoll skeletons (D:12)
  2 gnoll zombies (D:12)
  14 kobolds
  A kobold skeleton (Crypt:3)
  2 orc skeletons (D:12)
  11 orc zombies (D:12)
  8 rats
2084 creatures vanquished.

Vanquished Creatures (collateral kills)
  A pandemonium lord (Depths:2)
  Asterion (Snake:2)
  A lich (Depths:2)
  A fenstrider witch (Swamp:4)
  A deep elf sorcerer (Elf:3)
  A frost giant (Depths:2)
  A deep elf elementalist (Elf:3)
  An ironbound preserver (Vaults:2)
  A very ugly thing (Depths:2)
  A deep elf demonologist (Elf:3)
  A deep elf death mage (Elf:3)
  2 vault guards
  2 hydras
  2 two-headed ogres
  4 death yaks
  A swamp dragon (Swamp:4)
  A salamander mystic (Snake:2)
  The ghost of flappinfish the Cleaver, a novice CoGl of Ru (D:8)
  An ugly thing (Vaults:3)
  An oklob plant (Swamp:3)
  A vault sentinel (Vaults:3)
  A smoke demon (Depths:2)
  4 komodo dragons
  A tyrant leech (Swamp:4)
  A hornet (Swamp:4)
  A troll (D:10)
  2 blink frogs (Lair:3)
  2 dream sheep (Lair:4)
  2 spriggans
  4 wraiths
  A wyvern (D:10)
  11 yaks
  2 basilisks
  4 nagas
  5 water moccasins
  2 swamp drakes (Swamp:4)
  A laughing skull (Crypt:3)
  2 orc warriors
  2 wolves (Lair:1)
  2 bullfrogs
  A scorpion (D:7)
  A killer bee (D:11)
  2 adders (Lair:2)
  2 gnolls
  6 orcs
89 creatures vanquished.

Vanquished Creatures (others)
  3 azure jellies
  2 acid blobs
  A sphinx (Vaults:2)
  A tengu reaver (Vaults:4)
  A storm dragon (Depths:2)
  A formless jellyfish (Vaults:4)
  A vampire knight (Depths:2)
  A spark wasp (Depths:2)
  A jiangshi (Depths:2)
  3 great orbs of eyes
  2 yaktaur captains (Vaults:3)
  A hydra (Swamp:4)
  A salamander tyrant (Depths:3)
  A spriggan air mage (Depths:2)
  A two-headed ogre (Vaults:2)
  A dancing weapon (Elf:2)
  An ironbound frostheart (Vaults:4)
  A centaur warrior (D:13)
  4 death yaks (Lair:5)
  5 naga sharpshooters (Snake:2)
  A naga warrior (Snake:2)
  2 glowing orange brains (Depths:1)
  A shadow wraith (Vaults:5)
  A shock serpent (Snake:2)
  2 sea snakes (shapeshifter) (Vaults:5)
  A skyshark (Vaults:4)
  An arcanist (Vaults:3)
  An orb spider (shapeshifter) (Vaults:5)
  A lindwurm (Lair:5)
  An ironbound convoker (Vaults:2)
  An orc knight (Vaults:4)
  A deep elf pyromancer (Elf:2)
  A harpy (Vaults:2)
  A cyclops (Vaults:4)
  2 meliai (Depths:2)
  A will-o-the-wisp (Swamp:3)
  A guardian serpent (Snake:2)
  A black mamba (Snake:2)
  A water nymph (shapeshifter) (Depths:2)
  A vault sentinel (Vaults:3)
  2 glass eyes (Depths:3)
  A freezing wraith (D:15)
  The ghost of Necromancer21 the Ducker, a novice DjSu (D:5)
  A komodo dragon (D:12)
  A yaktaur (Vaults:4)
  2 bloated husks
  A hornet (Lair:1)
  3 dream sheep
  23 slime creatures
  A shadow (D:12)
  3 wraiths
  A water elemental (Elf:2)
  A yak (Lair:5)
  3 vampire mosquitoes (D:12)
  A steam dragon (D:8)
  2 nagas (Snake:4)
  A water moccasin (Lair:2)
  An orc warrior (Vaults:5)
  2 ogres
  7 centaurs
  2 bullfrogs
  2 scorpions
  2 killer bees (D:11)
  A howler monkey (D:12)
  A bombardier beetle (D:5)
  286 jellies
  A gnoll bouda (D:5)
  6 orc priests
  2 sleepcaps
  An iguana (D:5)
  2 orc wizards
  9 gnolls
  A shadow imp (D:6)
  A white imp (D:7)
  9 ufetubi
  9 orcs
  4 endoplasms (Lair:4)
  A gnoll skeleton (D:12)
  10 kobolds
  An orc skeleton (Crypt:2)
  3 foxfires (Swamp:3)
  A snaplasher vine (Zot:5)
469 creatures vanquished.

Grand Total: 2642 creatures vanquished

Notes
Turn   | Place    | Note
-------+----------+-------------------------------------------
     0 | D:1      | oppeldang the Octopode Wanderer began the quest for the
                  | Orb.
     0 | D:1      | oppeldang set off with the following items: a +3 short
                  | sword, a +0 spear, a scroll of fog.
     0 | D:1      | Reached XP level 1. HP: 14/14 MP: 2/2
    83 | D:1      | Reached skill level 1 in Stealth
   306 | D:1      | Reached XP level 2. HP: 15/19 MP: 3/3
   479 | D:1      | Found a faded altar of an unknown god.
   838 | D:2      | Found Tonoidd's Distillery.
   856 | D:2      | Reached skill level 1 in Dodging
   870 | D:2      | Reached XP level 3. HP: 22/25 MP: 4/4
   884 | D:2      | Bought a potion of lignification for 39 gold pieces
   915 | D:2      | Found Ribbugid's Distillery.
   977 | D:2      | Found Secwov's Jewellery Boutique.
  1231 | D:2      | Bought a potion of degeneration for 13 gold pieces
  1251 | D:2      | Found Mulybria's Weapon Shop.
  1526 | D:3      | Noticed Terence
  1568 | D:3      | Killed Terence
  1569 | D:3      | Reached XP level 4. HP: 24/31 MP: 5/5
  1669 | D:3      | Reached XP level 5. HP: 29/37 MP: 6/6
  1825 | D:3      | Learned a level 3 spell: Summon Ice Beast
  1829 | D:3      | Learned a level 3 spell: Ozocubu's Armour
  1919 | D:3      | Noticed Jessica
  1930 | D:3      | Killed Jessica
  1931 | D:3      | Reached skill level 1 in Summonings
  1931 | D:3      | Reached skill level 1 in Ice Magic
  2352 | D:2      | Bought a potion of heal wounds for 65 gold pieces
  2450 | D:4      | Noticed an acid dragon
  3003 | D:4      | Reached XP level 6. HP: 43/43 MP: 6/8
  3162 | D:4      | Found an ornate altar of the Wu Jian Council.
  3162 | D:4      | Found a shimmering altar of Xom.
  3163 | D:4      | Found a sparkling altar of Nemelex Xobeh.
  3439 | D:5      | Entered Level 5 of the Dungeon
  3483 | D:5      | Noticed a water moccasin
  3492 | D:5      | Killed a water moccasin
  3498 | D:5      | Found a glowing drain.
  3646 | Sewer    | Entered a sewer
  3694 | Sewer    | Reached XP level 7. HP: 48/48 MP: 10/10
  4361 | Sewer    | Found a viscous altar of Jiyva.
  4374 | Sewer    | Became a worshipper of Jiyva Jerym the Shapeless
  4442 | D:5      | Identified the +2 pair of gloves of the Elven Halls {rN+++
                  | Regen+ Str-5 Stlth-}
  5747 | D:5      | Found a runed translucent gate.
  5748 | D:5      | Found a runed translucent gate.
  5749 | D:5      | Found a runed translucent gate.
  5751 | D:5      | Noticed Necromancer21's ghost (novice DjSu)
  5860 | D:5      | Killed Necromancer21's ghost
  6769 | D:2      | Bought a potion of heal wounds for 65 gold pieces
  6855 | D:6      | Noticed a yak
  6855 | D:6      | Noticed a yak
  6855 | D:6      | Noticed a yak
  6855 | D:6      | Noticed a yak
  6879 | D:6      | Identified the amulet of Feudo {RegenMP+ rCorr Stlth+}
  7073 | D:6      | Reached XP level 8. HP: 54/54 MP: 12/12
  7184 | D:6      | Reached * piety under Jiyva
  7250 | D:6      | Reached skill level 5 in Summonings
  7250 | D:6      | Reached skill level 5 in Ice Magic
  7294 | D:6      | Found a staircase to the Ecumenical Temple.
  7357 | D:6      | Killed a yak
  7383 | D:6      | Killed a yak
  7396 | D:6      | Killed a yak
  7401 | D:6      | Killed a yak
  7402 | D:6      | Reached XP level 9. HP: 58/58 MP: 11/13
  7661 | Temple   | Entered the Ecumenical Temple
  7773 | D:7      | Found a radiant altar of Vehumet.
  7990 | D:7      | Reached ** piety under Jiyva
  8040 | D:7      | Found a white marble altar of Elyvilon.
  8043 | D:7      | Found a sacrificial altar of Ru.
  8083 | D:7      | Noticed Pikel
  8442 | D:7      | Killed Pikel
  8443 | D:7      | Reached skill level 5 in Short Blades
  8918 | D:8      | Reached skill level 5 in Fighting
  8918 | D:8      | Reached skill level 1 in Evocations
  9019 | D:8      | Reached XP level 10. HP: 59/66 MP: 14/14
  9026 | D:8      | Reached *** piety under Jiyva
  9028 | D:8      | Gained mutation: You expend magic power (3 MP) to
                  | strengthen your wands. [Jiyva's grace]
  9028 | D:8      | Gained mutation: You have a beak for a mouth. [Jiyva's
                  | grace]
  9028 | D:8      | Gained mutation: Your mind is acute. (Int +4, Str/Dex -1)
                  | [Jiyva's grace]
  9028 | D:8      | Gained mutation: Your mind is very acute. (Int +8, Str/Dex
                  | -2) [Jiyva's grace]
  9069 | D:8      | Found a runed translucent gate.
  9069 | D:8      | Noticed flappinfish's ghost (novice CoGl)
  9070 | D:8      | Found a runed translucent gate.
  9072 | D:8      | Found a runed translucent gate.
  9754 | D:8      | Reached skill level 1 in Long Blades
  9887 | D:8      | Reached **** piety under Jiyva
  9941 | D:8      | Learned a level 3 spell: Hailstorm
 10030 | D:9      | Found a runed translucent gate.
 10030 | D:9      | Found a runed translucent gate.
 10031 | D:9      | Found a runed translucent gate.
 10039 | D:9      | Noticed Ananasrisotto's ghost (journeyman MDMo)
 10065 | D:9      | Reached skill level 5 in Dodging
 10071 | D:9      | Found a viscous altar of Jiyva.
 10393 | D:9      | Reached ***** piety under Jiyva
 10514 | D:9      | Noticed a two-headed ogre
 10526 | D:9      | Killed a two-headed ogre
 10737 | D:9      | Reached skill level 5 in Long Blades
 10766 | D:10     | Entered Level 10 of the Dungeon
 10801 | D:10     | Found an opulent altar of Gozag.
 10843 | D:10     | Reached XP level 11. HP: 65/75 MP: 15/15
 10911 | D:10     | Found a staircase to the Lair.
 10920 | D:10     | Lost mutation: You have a beak for a mouth. [Jiyva's grace]
 10920 | D:10     | Gained mutation: Your pliable body absorbs attacks. (AC +2,
                  | EV +2) [Jiyva's grace]
 10920 | D:10     | Gained mutation: Your gelatinous body deflects attacks. (AC
                  | +3, EV +3) [Jiyva's grace]
 10920 | D:10     | Gained mutation: You are covered in slimy tendrils that may
                  | disarm your opponents. [Jiyva's grace]
 10920 | D:10     | Gained mutation: Your flesh is cold resistant. (rC+)
                  | [Jiyva's grace]
 11114 | D:10     | Noticed Josephine
 11577 | D:11     | Noticed a skeletal warrior
 11577 | D:11     | Noticed a skeletal warrior
 11577 | D:11     | Noticed a skeletal warrior
 11748 | D:11     | Found an iron altar of Okawaru.
 11756 | D:11     | Noticed a two-headed ogre
 11764 | D:11     | Killed a two-headed ogre
 12059 | D:11     | Noticed a two-headed ogre
 12070 | D:11     | Killed a two-headed ogre
 12156 | D:11     | Noticed a boulder beetle
 12172 | D:11     | Killed a boulder beetle
 12173 | D:11     | Reached XP level 12. HP: 79/84 MP: 14/16
 12266 | D:10     | Learned a level 3 spell: Swiftness
 12579 | D:8      | Killed flappinfish's ghost
 12815 | D:10     | Killed Josephine
 12855 | Lair:1   | Entered Level 1 of the Lair of Beasts
 12900 | Lair:1   | Noticed a death yak
 12941 | Lair:1   | Noticed a death yak
 12942 | Lair:1   | Noticed a death yak
 12948 | Lair:1   | Noticed a death yak
 12950 | Lair:1   | Killed a death yak
 12951 | Lair:1   | Reached skill level 10 in Long Blades
 12951 | Lair:1   | Killed a death yak
 12953 | Lair:1   | Killed a death yak
 12965 | Lair:1   | Killed a death yak
 13233 | Lair:1   | Identified the +6 sling of the Abyss {flame, rC+ Will+
                  | Dex+2}
 13578 | Lair:2   | Lost mutation: Your mind is very acute. (Int +8, Str/Dex
                  | -2) [Jiyva's grace]
 13578 | Lair:2   | Lost mutation: Your flesh is cold resistant. (rC+) [Jiyva's
                  | grace]
 13578 | Lair:2   | Lost mutation: You are covered in slimy tendrils that may
                  | disarm your opponents. [Jiyva's grace]
 13578 | Lair:2   | Lost mutation: You expend magic power (3 MP) to strengthen
                  | your wands. [Jiyva's grace]
 13578 | Lair:2   | Gained mutation: Armour fits poorly on your pseudopods.
                  | [Jiyva's grace]
 13578 | Lair:2   | Gained mutation: Armour fits poorly on your large
                  | pseudopods. [Jiyva's grace]
 13578 | Lair:2   | Gained mutation: Armour fits poorly on your massive
                  | pseudopods. [Jiyva's grace]
 13578 | Lair:2   | Gained mutation: A frigid envelope surrounds you and
                  | freezes all who hurt you. [Jiyva's grace]
 13703 | Lair:2   | Noticed a five-headed hydra
 13714 | Lair:2   | Killed a five-headed hydra
 13791 | Lair:2   | Reached ****** piety under Jiyva
 14127 | Lair:2   | Reached skill level 10 in Fighting
 14359 | Lair:3   | Noticed a skyshark
 14359 | Lair:3   | Noticed a skyshark
 14366 | Lair:3   | Slimified a skyshark
 14366 | Lair:3   | a skyshark changed into a slime creature
 14401 | Lair:3   | Reached XP level 13. HP: 92/92 MP: 17/17
 14461 | Lair:3   | Reached skill level 5 in Stealth
 14520 | Lair:3   | Found a staircase to the Swamp.
 14836 | Lair:3   | Reached skill level 10 in Dodging
 14859 | Lair:3   | Found a staircase to the Snake Pit.
 14967 | Lair:3   | Lost mutation: Armour fits poorly on your massive
                  | pseudopods. [Jiyva's grace]
 14967 | Lair:3   | Gained mutation: You are robust. (+10% HP) [Jiyva's grace]
 14967 | Lair:3   | Gained mutation: You are very robust. (+20% HP) [Jiyva's
                  | grace]
 14967 | Lair:3   | Gained mutation: You are extremely robust. (+30% HP)
                  | [Jiyva's grace]
 14967 | Lair:3   | Gained mutation: You have acidic saliva. [Jiyva's grace]
 15470 | Lair:3   | Identified the ring of Relativism {^Drain +Blink rElec rC+
                  | Dex+6}
 15798 | Lair:3   | Learned a level 4 spell: Manifold Assault
 15938 | Lair:4   | Found a staircase to the Slime Pits.
 15939 | Lair:4   | Found a viscous altar of Jiyva.
 16214 | Lair:4   | Reached XP level 14. HP: 105/131 MP: 18/18
 16762 | Slime:1  | Entered Level 1 of the Pits of Slime
 16788 | Slime:4  | Noticed a rockslime
 16789 | Slime:4  | Noticed a rockslime
 16796 | Slime:5  | Entered Level 5 of the Pits of Slime
 16796 | Slime:5  | Noticed a rockslime
 16796 | Slime:5  | Noticed an acid blob
 16810 | Slime:5  | Noticed a quicksilver ooze
 16819 | Slime:5  | Found a viscous altar of Jiyva.
 16849 | Slime:5  | Found the necklace of Bloodlust {Fury *Rage Will++ Int-3
                  | Slay+6}
 16849 | Slime:5  | Found the +3 greatsling "Punk" {acid, rCorr}
 16857 | Slime:5  | Identified the +10 orcbow "Killer Klown's Foe" {antimagic,
                  | Will++}
 16867 | Slime:5  | Identified the +1 cloak "Joplenut" {rElec rPois Int-4
                  | Slay-6}
 16868 | Slime:5  | Identified the +8 spear "Winustrudadd" {antimagic, ^Contam
                  | rCorr Str+6}
 16871 | Slime:5  | Got a slimy rune of Zot
 16873 | Slime:5  | Got a starry gem with 491 turns to spare
 16884 | Slime:5  | Identified the +4 short sword "Equb" {heavy, rN+ Dex+3}
 16908 | Slime:5  | Noticed an acid blob
 16915 | Slime:5  | Identified the +3 hand axe of the Flying Wolf {elec, Str+4}
 16928 | Slime:4  | Noticed an acid blob
 16931 | Slime:4  | Noticed an acid blob
 16933 | Slime:3  | Noticed a rockslime
 16989 | Lair:5   | Entered Level 5 of the Lair of Beasts
 17032 | Lair:5   | a catoblepas changed into an azure jelly
 17032 | Lair:5   | Noticed an azure jelly
 17088 | Lair:5   | Killed an azure jelly
 17223 | Lair:5   | Learned a level 2 spell: Blink
 17254 | Lair:5   | Reached skill level 1 in Translocations
 17598 | Lair:5   | Lost mutation: Your mind is acute. (Int +4, Str/Dex -1)
                  | [Jiyva's grace]
 17598 | Lair:5   | Lost mutation: You are extremely robust. (+30% HP) [Jiyva's
                  | grace]
 17598 | Lair:5   | Gained mutation: You passively map a small area around you.
                  | [Jiyva's grace]
 17598 | Lair:5   | Gained mutation: You passively map the area around you.
                  | [Jiyva's grace]
 17598 | Lair:5   | Gained mutation: You passively map a large area around you.
                  | [Jiyva's grace]
 17598 | Lair:5   | Gained mutation: One of your tentacles bears a spike.
                  | [Jiyva's grace]
 17774 | Lair:5   | Noticed Kirke
 17781 | Lair:5   | Killed Kirke
 17997 | Lair:5   | Reached XP level 15. HP: 132/132 MP: 21/21
 18037 | Lair:5   | a catoblepas changed into an acid blob
 18037 | Lair:5   | Noticed an acid blob
 18070 | Lair:5   | Killed an acid blob
 18086 | Lair:5   | Found the crystal ball of Wucad Mu {*channel}
 18770 | D:2      | Bought a +6 ring of dexterity for 468 gold pieces
 18770 | D:2      | Bought a +4 ring of protection for 468 gold pieces
 19029 | D:11     | Reached skill level 1 in Shapeshifting
 19344 | D:12     | Noticed Psyche
 19346 | D:12     | Killed Psyche
 19348 | D:12     | Found a staircase to the Orcish Mines.
 19622 | D:12     | Noticed Gastronok
 19640 | D:12     | Killed Gastronok
 20265 | D:13     | Lost mutation: Your gelatinous body deflects attacks. (AC
                  | +3, EV +3) [Jiyva's grace]
 20265 | D:13     | Gained mutation: Your flesh is cold resistant. (rC+)
                  | [Jiyva's grace]
 20265 | D:13     | Gained mutation: Your flesh is very cold resistant. (rC++)
                  | [Jiyva's grace]
 20265 | D:13     | Gained mutation: Your flesh is almost immune to the effects
                  | of cold. (rC+++) [Jiyva's grace]
 20265 | D:13     | Gained mutation: Your body has grown eyes which may confuse
                  | attackers. (Acc +3) [Jiyva's grace]
 21048 | D:14     | Learned a level 4 spell: Vhi's Electric Charge
 21130 | D:14     | Reached skill level 5 in Shapeshifting
 21184 | D:14     | Reached skill level 5 in Translocations
 21329 | D:14     | Found a gate to the Vaults.
 21729 | D:15     | Entered Level 15 of the Dungeon
 21801 | D:15     | Found a staircase to the Depths.
 21818 | D:15     | Noticed Agnes
 21822 | D:15     | Slimified Agnes
 21822 | D:15     | Agnes changed into Agnes the slime creature
 21822 | D:15     | Noticed Agnes
 21968 | D:15     | Noticed Azrael
 21988 | D:15     | Killed Azrael
 21989 | D:15     | Reached skill level 1 in Shields
 22069 | D:15     | Found Yclav's Tiny Tomes.
 22076 | D:15     | Lost mutation: One of your tentacles bears a spike.
                  | [Jiyva's grace]
 22076 | D:15     | Lost mutation: Your flesh is almost immune to the effects
                  | of cold. (rC+++) [Jiyva's grace]
 22076 | D:15     | Lost mutation: You passively map a large area around you.
                  | [Jiyva's grace]
 22076 | D:15     | Lost mutation: You passively map the area around you.
                  | [Jiyva's grace]
 22076 | D:15     | Lost mutation: Your pliable body absorbs attacks. (AC +2,
                  | EV +2) [Jiyva's grace]
 22076 | D:15     | Gained mutation: You are resistant to electric shocks.
                  | (rElec) [Jiyva's grace]
 22076 | D:15     | Gained mutation: You are strong-willed. (Will+) [Jiyva's
                  | grace]
 22076 | D:15     | Gained mutation: You are highly strong-willed. (Will++)
                  | [Jiyva's grace]
 22076 | D:15     | Gained mutation: You are extremely strong-willed. (Will+++)
                  | [Jiyva's grace]
 22083 | D:15     | Reached XP level 16. HP: 142/142 MP: 18/22
 22583 | Orc:1    | Entered Level 1 of the Orcish Mines
 22591 | Orc:1    | Noticed Snorg
 22601 | Orc:1    | Killed Snorg
 23162 | Orc:1    | Found a roughly hewn altar of Beogh.
 23219 | Orc:2    | Entered Level 2 of the Orcish Mines
 23250 | Orc:2    | Found a staircase to the Elven Halls.
 23252 | Orc:2    | Reached skill level 5 in Shields
 23510 | Orc:2    | Found Vocauff's Book Shop.
 23510 | Orc:2    | Found Ceebatz's Weapon Boutique.
 23520 | Orc:2    | Found Decyr's Jewellery Boutique.
 23525 | Orc:2    | Found Ecacuy's Antique Weapon Shop.
 23952 | Orc:2    | Bought a +5 ring of evasion for 432 gold pieces
 23952 | Orc:2    | Bought a +5 ring of evasion for 432 gold pieces
 23988 | Elf:1    | Entered Level 1 of the Elven Halls
 23997 | Elf:1    | Reached skill level 1 in Air Magic
 24049 | Elf:1    | Reached skill level 10 in Shapeshifting
 24139 | Elf:1    | Lost mutation: You are extremely strong-willed. (Will+++)
                  | [Jiyva's grace]
 24139 | Elf:1    | Lost mutation: You are very robust. (+20% HP) [Jiyva's
                  | grace]
 24139 | Elf:1    | Lost mutation: Your body has grown eyes which may confuse
                  | attackers. (Acc +3) [Jiyva's grace]
 24139 | Elf:1    | Lost mutation: Armour fits poorly on your large pseudopods.
                  | [Jiyva's grace]
 24139 | Elf:1    | Gained mutation: Your mind is acute. (Int +4, Str/Dex -1)
                  | [Jiyva's grace]
 24139 | Elf:1    | Gained mutation: Your mind is very acute. (Int +8, Str/Dex
                  | -2) [Jiyva's grace]
 24139 | Elf:1    | Gained mutation: Your pliable body absorbs attacks. (AC +2,
                  | EV +2) [Jiyva's grace]
 24139 | Elf:1    | Gained mutation: Your gelatinous body deflects attacks. (AC
                  | +3, EV +3) [Jiyva's grace]
 24185 | Elf:1    | Found a stormy altar of Qazlal.
 24316 | Elf:1    | Got the Lessons on Invitation
 24715 | Elf:1    | Reached skill level 15 in Fighting
 24864 | Elf:1    | Reached XP level 17. HP: 139/139 MP: 23/23
 25004 | Elf:1    | Found a portal to a secret trove of treasure.
 25246 | Elf:2    | Reached skill level 5 in Spellcasting
 25248 | Elf:2    | Found a runed translucent gate.
 25248 | Elf:2    | Found a runed translucent gate.
 25249 | Elf:2    | Found a runed translucent gate.
 25363 | Elf:2    | Learned a level 2 spell: Lesser Beckoning
 25562 | Elf:3    | Entered Level 3 of the Elven Halls
 26026 | Elf:3    | Found an ancient bone altar of Kikubaaqudgha.
 26084 | Elf:3    | Reached skill level 10 in Summonings
 26157 | Elf:3    | Identified the +8 flail "Faakh" {spect, rC+ Str+4}
 26421 | Elf:3    | Noticed a deep elf blademaster
 26423 | Elf:3    | Identified the +0 great sword of Discomfort {vamp, rPois}
 26423 | Elf:3    | Identified the +4 morningstar "Jellybane" {drain, rCorr
                  | Int+4}
 26427 | Elf:3    | Noticed a deep elf blademaster
 26429 | Elf:3    | Killed a deep elf blademaster
 26431 | Elf:3    | Killed a ghostly deep elf blademaster
 26501 | Elf:3    | Killed a deep elf blademaster
 26502 | Elf:3    | Reached XP level 18. HP: 150/150 MP: 25/28
 26556 | Elf:3    | Identified the +2 great sword of Superiority {freeze, rPois
                  | Str+3 Dex+2}
 26581 | Elf:3    | Learned a level 6 spell: Summon Cactus Giant
 26647 | Elf:3    | Noticed a deep elf master archer
 26652 | Elf:3    | Killed a deep elf master archer
 26857 | Elf:3    | Identified the +6 great sword "Cesesac" {elec, MP+9 Dex+3}
 26874 | Elf:3    | Identified the ring of Wiutownehae {+Blink rF+++ rN+ rCorr}
 26917 | Elf:3    | Identified the +8 spear of the Dark Horse {protect, rN+
                  | Str+3 Int+3}
 26920 | Elf:3    | Noticed a deep elf master archer
 26925 | Elf:3    | Killed a deep elf master archer
 26957 | Elf:3    | Found the -2 hat of the Alchemist {rElec rPois rF+ rC+ rN+
                  | Will+ rMut rCorr}
 26972 | Elf:3    | Identified the +2 rapier of the Lonely Allies {drain, rPois
                  | rN+}
 26972 | Elf:3    | Identified the ring "Istruxa" {rElec Will++ rCorr Int-3}
 26990 | Elf:3    | Got the Lessons on Ensorcelling
 27470 | Elf:3    | Found an ancient bone altar of Kikubaaqudgha.
 27824 | Orc:2    | Bought a +4 ring of protection for 432 gold pieces
 28003 | D:9      | Killed Ananasrisotto's ghost
 28184 | Swamp:1  | Entered Level 1 of the Swamp
 28217 | Swamp:1  | Lost mutation: Your mind is very acute. (Int +8, Str/Dex
                  | -2) [Jiyva's grace]
 28217 | Swamp:1  | Lost mutation: Your mind is acute. (Int +4, Str/Dex -1)
                  | [Jiyva's grace]
 28217 | Swamp:1  | Lost mutation: Your flesh is very cold resistant. (rC++)
                  | [Jiyva's grace]
 28217 | Swamp:1  | Lost mutation: You are highly strong-willed. (Will++)
                  | [Jiyva's grace]
 28217 | Swamp:1  | Lost mutation: You passively map a small area around you.
                  | [Jiyva's grace]
 28217 | Swamp:1  | Lost mutation: You are resistant to electric shocks.
                  | (rElec) [Jiyva's grace]
 28217 | Swamp:1  | Lost mutation: Your gelatinous body deflects attacks. (AC
                  | +3, EV +3) [Jiyva's grace]
 28217 | Swamp:1  | Gained mutation: You have hidden genetic potential.
                  | [Jiyva's grace]
 28217 | Swamp:1  | Gained mutation: You have great hidden genetic potential.
                  | [Jiyva's grace]
 28217 | Swamp:1  | Gained mutation: One of your tentacles bears a spike.
                  | [Jiyva's grace]
 28217 | Swamp:1  | Gained mutation: One of your tentacles bears a nasty spike.
                  | [Jiyva's grace]
 28665 | Swamp:1  | Found Ibyd's Island Escapes.
 28718 | Swamp:1  | Bought a scroll of blinking for 120 gold pieces
 28718 | Swamp:1  | Bought a potion of invisibility for 128 gold pieces
 29154 | Swamp:2  | Noticed Nikola
 29161 | Swamp:2  | Slimified Nikola
 29161 | Swamp:2  | Nikola changed into Nikola the acid blob
 29161 | Swamp:2  | Noticed Nikola
 29438 | Swamp:3  | Reached skill level 5 in Air Magic
 29565 | Swamp:3  | Noticed a tentacled monstrosity
 29576 | Swamp:3  | Killed a tentacled monstrosity
 29815 | Swamp:3  | Lost mutation: Your pliable body absorbs attacks. (AC +2,
                  | EV +2) [Jiyva's grace]
 29815 | Swamp:3  | Lost mutation: You have great hidden genetic potential.
                  | [Jiyva's grace]
 29815 | Swamp:3  | Gained mutation: Your mind is acute. (Int +4, Str/Dex -1)
                  | [Jiyva's grace]
 29815 | Swamp:3  | Gained mutation: Your mind is very acute. (Int +8, Str/Dex
                  | -2) [Jiyva's grace]
 29815 | Swamp:3  | Gained mutation: One of your tentacles bears a large
                  | vicious spike. [Jiyva's grace]
 29815 | Swamp:3  | Gained mutation: You are highly strong-willed. (Will++)
                  | [Jiyva's grace]
 30218 | Swamp:4  | Entered Level 4 of the Swamp
 30328 | Swamp:4  | Reached XP level 19. HP: 161/161 MP: 29/29
 30587 | Swamp:4  | Noticed the 27-headed Lernaean hydra
 30624 | Swamp:4  | Slimified the 27-headed Lernaean hydra
 30624 | Swamp:4  | the 27-headed Lernaean hydra changed into an azure jelly
                  | shaped Lernaean hydra
 30624 | Swamp:4  | Noticed an azure jelly shaped Lernaean hydra
 30675 | Swamp:4  | Got a decaying rune of Zot
 31002 | Snake:1  | Entered Level 1 of the Snake Pit
 31084 | Snake:1  | Noticed Mlioglotl
 31103 | Snake:1  | Killed Mlioglotl
 31212 | Snake:1  | Reached skill level 15 in Dodging
 31261 | Snake:1  | Reached skill level 5 in Evocations
 31376 | Snake:1  | Gained mutation: Your system is resistant to poisons.
                  | (rPois) [hidden potential]
 31390 | Snake:1  | Found Saur's Weapon Shop.
 31393 | Snake:1  | Found Vaim Bul's Weapon Boutique.
 31395 | Snake:1  | Found Ohewiav's Weapon Shop.
 31694 | Snake:2  | Noticed Vashnia
 31694 | Snake:2  | Noticed Asterion
 31778 | Snake:2  | Killed Asterion
 31817 | Snake:2  | Slimified Vashnia
 31817 | Snake:2  | Vashnia changed into Vashnia the azure jelly
 31817 | Snake:2  | Noticed Vashnia
 31851 | Snake:2  | Found a burning altar of Makhleb.
 31859 | Snake:2  | Noticed Donald
 31859 | Snake:2  | Identified the serpent talisman of Music {Str+3 Int-5
                  | Stlth+}
 31859 | Snake:2  | Noticed Aizul
 31868 | Snake:2  | Slimified Aizul
 31868 | Snake:2  | Aizul changed into Aizul the azure jelly
 31868 | Snake:2  | Noticed Aizul
 31876 | Snake:2  | Killed Donald
 31959 | Snake:2  | Lost mutation: Your mind is very acute. (Int +8, Str/Dex
                  | -2) [Jiyva's grace]
 31959 | Snake:2  | Lost mutation: You are robust. (+10% HP) [Jiyva's grace]
 31959 | Snake:2  | Gained mutation: You are partially covered in iridescent
                  | scales. (AC +2) [Jiyva's grace]
 31959 | Snake:2  | Gained mutation: You are mostly covered in iridescent
                  | scales. (AC +4) [Jiyva's grace]
 31959 | Snake:2  | Gained mutation: You are completely covered in iridescent
                  | scales. (AC +6) [Jiyva's grace]
 31959 | Snake:2  | Gained mutation: Your flesh is very cold resistant. (rC++)
                  | [Jiyva's grace]
 32601 | Snake:3  | Identified the +8 chain mail "Tevonerch" {Will+ Int+2}
 32984 | Snake:3  | Reached XP level 20. HP: 146/156 MP: 30/30
 33275 | Snake:4  | Entered Level 4 of the Snake Pit
 33596 | Snake:4  | Lost mutation: You are completely covered in iridescent
                  | scales. (AC +6) [Jiyva's grace]
 33596 | Snake:4  | Lost mutation: Your mind is acute. (Int +4, Str/Dex -1)
                  | [Jiyva's grace]
 33596 | Snake:4  | Lost mutation: You are highly strong-willed. (Will++)
                  | [Jiyva's grace]
 33596 | Snake:4  | Gained mutation: Armour fits poorly on your large
                  | pseudopods. [Jiyva's grace]
 33596 | Snake:4  | Gained mutation: Armour fits poorly on your massive
                  | pseudopods. [Jiyva's grace]
 33596 | Snake:4  | Gained mutation: You have an increased reservoir of magic.
                  | (+10% MP) [Jiyva's grace]
 33596 | Snake:4  | Gained mutation: You have a considerably increased
                  | reservoir of magic. (+20% MP) [Jiyva's grace]
 33677 | Snake:4  | Reached skill level 10 in Shields
 34236 | Snake:4  | Found an iron altar of Okawaru.
 34254 | Snake:4  | Got a serpentine rune of Zot
 34779 | Vaults:1 | Entered Level 1 of the Vaults
 35515 | Vaults:1 | Lost mutation: You are mostly covered in iridescent scales.
                  | (AC +4) [Jiyva's grace]
 35515 | Vaults:1 | Lost mutation: You are partially covered in iridescent
                  | scales. (AC +2) [Jiyva's grace]
 35515 | Vaults:1 | Lost mutation: You have a considerably increased reservoir
                  | of magic. (+20% MP) [Jiyva's grace]
 35515 | Vaults:1 | Lost mutation: Your system is resistant to poisons. (rPois)
                  | [Jiyva's grace]
 35515 | Vaults:1 | Gained mutation: Your pliable body absorbs attacks. (AC +2,
                  | EV +2) [Jiyva's grace]
 35515 | Vaults:1 | Gained mutation: Your gelatinous body deflects attacks. (AC
                  | +3, EV +3) [Jiyva's grace]
 35515 | Vaults:1 | Gained mutation: Your melee attacks may engulf your foes in
                  | ooze. [Jiyva's grace]
 35515 | Vaults:1 | Gained mutation: You are agile. (Dex +4, Str/Int -1)
                  | [Jiyva's grace]
 36042 | Vaults:2 | Reached XP level 21. HP: 148/163 MP: 34/34
 36995 | Vaults:3 | Identified the +0 dagger "Humnah Seimm" {spect, ^Drain rF+
                  | rC+ Dex+3}
 37110 | Vaults:3 | Reached skill level 15 in Shields
 37218 | Vaults:3 | Found Rerr's Assorted Antiques.
 37261 | Vaults:3 | Found a staircase to the Crypt.
 37285 | Vaults:3 | Lost mutation: One of your tentacles bears a large vicious
                  | spike. [Jiyva's grace]
 37285 | Vaults:3 | Lost mutation: Your flesh is very cold resistant. (rC++)
                  | [Jiyva's grace]
 37285 | Vaults:3 | Lost mutation: You have an increased reservoir of magic.
                  | (+10% MP) [Jiyva's grace]
 37285 | Vaults:3 | Lost mutation: A frigid envelope surrounds you and freezes
                  | all who hurt you. [Jiyva's grace]
 37285 | Vaults:3 | Lost mutation: Your gelatinous body deflects attacks. (AC
                  | +3, EV +3) [Jiyva's grace]
 37285 | Vaults:3 | Gained mutation: You are very agile. (Dex +8, Str/Int -2)
                  | [Jiyva's grace]
 37285 | Vaults:3 | Gained mutation: One of your tentacles bears a large
                  | vicious spike. [Jiyva's grace]
 37285 | Vaults:3 | Gained mutation: You passively map a small area around you.
                  | [Jiyva's grace]
 37285 | Vaults:3 | Gained mutation: You passively map the area around you.
                  | [Jiyva's grace]
 37807 | Vaults:3 | Learned a level 5 spell: Summon Forest
 37876 | Vaults:4 | Noticed Saint Roka
 37879 | Vaults:4 | Killed Saint Roka
 37970 | Vaults:4 | Noticed Sojobo
 37974 | Vaults:4 | Slimified Sojobo
 37974 | Vaults:4 | Sojobo changed into Sojobo the azure jelly
 37974 | Vaults:4 | Noticed Sojobo
 38045 | Vaults:4 | Noticed Bai Suzhen
 38051 | Vaults:4 | Slimified Bai Suzhen
 38051 | Vaults:4 | Bai Suzhen changed into Bai Suzhen the acid blob
 38051 | Vaults:4 | Noticed Bai Suzhen
 38158 | Vaults:4 | Identified the orb of Terror {light, rF- Str+2 Conj}
 38158 | Vaults:4 | Noticed Frederick
 38163 | Vaults:4 | Slimified Frederick
 38163 | Vaults:4 | Frederick changed into Frederick the acid blob
 38163 | Vaults:4 | Noticed Frederick
 38950 | Depths:1 | Entered Level 1 of the Depths
 38963 | Depths:1 | Reached XP level 22. HP: 172/172 MP: 32/32
 39020 | Depths:1 | Found a gateway to Hell.
 39240 | Depths:1 | Found Midocase's Assorted Antiques.
 39241 | Depths:1 | Identified the amulet "Miostriol" {Spirit rElec rPois rF-
                  | Dex+4}
 39298 | Depths:1 | Found Pautair's Jewellery Boutique.
 39298 | Depths:1 | Found Jemaa's Magic Scroll Shop.
 39304 | Depths:1 | Gained mutation: You are partially covered in iridescent
                  | scales. (AC +2) [hidden potential]
 39304 | Depths:1 | Lost mutation: You have hidden genetic potential. [hidden
                  | potential expressed]
 39306 | Depths:1 | Found Mapih's Jewellery Shop.
 39312 | Depths:1 | Bought a granite talisman for 840 gold pieces
 39391 | Depths:1 | Found a sacrificial altar of Ru.
 39445 | Depths:1 | Found a glowing golden altar of the Shining One.
 39519 | Depths:1 | Found a one-way gateway to a ziggurat.
 39675 | Depths:1 | Found a one-way gate leading to the halls of Pandemonium.
 39971 | Depths:2 | Noticed a juggernaut
 39989 | Depths:2 | Slimified a juggernaut
 39989 | Depths:2 | a juggernaut changed into an acid blob
 40120 | Depths:2 | Noticed a juggernaut
 40124 | Depths:2 | Slimified a juggernaut
 40124 | Depths:2 | a juggernaut changed into an azure jelly
 40349 | Depths:2 | Identified the +2 robe of Daza {*Corrode Dex+6 Archmagi}
 40349 | Depths:2 | Noticed Boris
 40367 | Depths:2 | Killed Boris
 40457 | Depths:2 | Noticed a caustic shrike
 40507 | Depths:2 | Killed a caustic shrike
 40512 | Depths:2 | Lost mutation: One of your tentacles bears a large vicious
                  | spike. [Jiyva's grace]
 40512 | Depths:2 | Lost mutation: One of your tentacles bears a nasty spike.
                  | [Jiyva's grace]
 40512 | Depths:2 | Lost mutation: One of your tentacles bears a spike.
                  | [Jiyva's grace]
 40512 | Depths:2 | Gained mutation: You are mostly covered in iridescent
                  | scales. (AC +4) [Jiyva's grace]
 40512 | Depths:2 | Gained mutation: You are completely covered in iridescent
                  | scales. (AC +6) [Jiyva's grace]
 40512 | Depths:2 | Gained mutation: You are covered in fur. (AC +1) [Jiyva's
                  | grace]
 40512 | Depths:2 | Gained mutation: You are covered in thick fur. (AC +2)
                  | [Jiyva's grace]
 40542 | Depths:2 | Noticed a golden dragon
 40553 | Depths:2 | Killed a golden dragon
 40614 | Depths:2 | Reached XP level 23. HP: 180/180 MP: 31/34
 40637 | Depths:2 | Noticed a golden dragon
 40642 | Depths:2 | Noticed a juggernaut
 40743 | Depths:2 | Killed a juggernaut
 40752 | Depths:2 | Identified the +11 falchion of Wu Jian's Grace {holy,
                  | Int+8}
 40783 | Depths:2 | Killed a golden dragon
 40793 | Depths:2 | Noticed a golden dragon
 40804 | Depths:2 | Killed a golden dragon
 40912 | Depths:2 | Identified the staff "Astuurch" {Fly rF+ Str+3 SInv Conj
                  | Fire}
 40916 | Depths:2 | Identified the +8 long sword "Killer Bee's Bane" {drain,
                  | rN+ Int+4}
 41526 | Depths:3 | Reached skill level 15 in Shapeshifting
 41600 | Depths:3 | Noticed Norris
 41612 | Depths:3 | Killed Norris
 41644 | Depths:3 | Found Vaonen's Book Shop.
 41647 | Depths:3 | Noticed Mennas
 41657 | Depths:3 | Killed Mennas
 41810 | Depths:3 | Noticed a golden dragon
 41816 | Depths:3 | Killed a golden dragon
 41843 | Depths:3 | Found Seijuo's Jewellery Shoppe.
 41851 | Depths:3 | You fall into a shaft and drop 1 floor!
 41851 | Depths:4 | Entered Level 4 of the Depths
 41938 | Depths:3 | Found a large runed translucent door.
 41947 | Depths:3 | Found a large runed translucent door.
 41972 | Depths:3 | Noticed Vv
 41987 | Depths:3 | Killed Vv
 41998 | Depths:3 | Found a one-way gate to the infinite horrors of the Abyss.
 42338 | Depths:3 | Found Lyqer's Weapon Shoppe.
 42659 | Depths:3 | Noticed a juggernaut
 42663 | Depths:3 | Slimified a juggernaut
 42663 | Depths:3 | a juggernaut changed into an azure jelly
 42914 | Depths:4 | Reached XP level 24. HP: 188/188 MP: 35/35
 42932 | Depths:4 | Noticed Jory
 42949 | Depths:4 | Killed Jory
 43270 | Depths:4 | Found a gate to the Realm of Zot.
 43293 | Depths:4 | Lost mutation: Your flesh is cold resistant. (rC+) [Jiyva's
                  | grace]
 43293 | Depths:4 | Lost mutation: You passively map the area around you.
                  | [Jiyva's grace]
 43293 | Depths:4 | Lost mutation: You are covered in thick fur. (AC +2)
                  | [Jiyva's grace]
 43293 | Depths:4 | Lost mutation: You have acidic saliva. [Jiyva's grace]
 43293 | Depths:4 | Lost mutation: Armour fits poorly on your massive
                  | pseudopods. [Jiyva's grace]
 43293 | Depths:4 | Gained mutation: You are resistant to electric shocks.
                  | (rElec) [Jiyva's grace]
 43293 | Depths:4 | Gained mutation: You are covered in slimy tendrils that may
                  | disarm your opponents. [Jiyva's grace]
 43293 | Depths:4 | Gained mutation: Your mind is acute. (Int +4, Str/Dex -1)
                  | [Jiyva's grace]
 43293 | Depths:4 | Gained mutation: Your mind is very acute. (Int +8, Str/Dex
                  | -2) [Jiyva's grace]
 43718 | Depths:1 | Bought a +6 ring of dexterity for 504 gold pieces
 43842 | Depths:3 | Bought a +6 ring of dexterity for 612 gold pieces
 43959 | Depths:1 | Bought a scroll of enchant weapon for 105 gold pieces
 43959 | Depths:1 | Bought a scroll of enchant armour for 105 gold pieces
 44304 | Elf:2    | Noticed Louise
 44312 | Elf:2    | Killed Louise
 44684 | Vaults:5 | Entered Level 5 of the Vaults
 44685 | Vaults:5 | Noticed Xtahua
 44688 | Vaults:5 | Noticed an ancient lich
 44702 | Vaults:5 | Killed an ancient lich
 44704 | Vaults:5 | Killed Xtahua
 44849 | Vaults:5 | Reached skill level 15 in Long Blades
 44922 | Vaults:5 | Got a silver rune of Zot
 44928 | Vaults:5 | Identified the staff "Dulupteu" {rF+ Int+3 Fire Air}
 44930 | Vaults:5 | Got Zaned's Spellbook of the Mirage and Fate
 44979 | Vaults:5 | Noticed an ancient lich
 44984 | Vaults:5 | Killed an ancient lich
 45000 | Vaults:5 | Reached XP level 25. HP: 195/195 MP: 35/35
 45076 | Vaults:5 | Noticed a dread lich
 45082 | Vaults:5 | Killed a dread lich
 45433 | Vaults:5 | Noticed a dread lich
 45438 | Vaults:5 | Killed a dread lich
 45568 | Vaults:5 | Lost mutation: You are completely covered in iridescent
                  | scales. (AC +6) [Jiyva's grace]
 45568 | Vaults:5 | Lost mutation: You are strong-willed. (Will+) [Jiyva's
                  | grace]
 45568 | Vaults:5 | Lost mutation: Armour fits poorly on your large pseudopods.
                  | [Jiyva's grace]
 45568 | Vaults:5 | Gained mutation: Your skin blends seamlessly with your
                  | surroundings (Stealth++). [Jiyva's grace]
 45568 | Vaults:5 | Gained mutation: Your skin perfectly mimics your
                  | surroundings (Stealth+++). [Jiyva's grace]
 45568 | Vaults:5 | Gained mutation: You are covered in thick fur. (AC +2)
                  | [Jiyva's grace]
 45568 | Vaults:5 | Gained mutation: Your thick and shaggy fur keeps you warm.
                  | (AC +3, rC+) [Jiyva's grace]
 46043 | Vaults:5 | Learned a level 1 spell: Apportation
 46048 | Vaults:5 | Learned a level 4 spell: Passage of Golubria
 46154 | Crypt:1  | Entered Level 1 of the Crypt
 46170 | Crypt:1  | Reached skill level 1 in Hexes
 46907 | Crypt:2  | Noticed Margery
 46919 | Crypt:2  | Killed Margery
 47208 | Crypt:2  | Found the +11 Singing Sword {sonic wave}
 47252 | Crypt:2  | Identified the staff "Tiduthon" {rC+ Str-3 Dex+8 Stlth-
                  | Hexes Ice}
 47288 | Crypt:2  | Lost mutation: You are very agile. (Dex +8, Str/Int -2)
                  | [Jiyva's grace]
 47288 | Crypt:2  | Lost mutation: Your mind is very acute. (Int +8, Str/Dex
                  | -2) [Jiyva's grace]
 47288 | Crypt:2  | Gained mutation: You passively map the area around you.
                  | [Jiyva's grace]
 47288 | Crypt:2  | Gained mutation: You passively map a large area around you.
                  | [Jiyva's grace]
 47288 | Crypt:2  | Gained mutation: You have a small jelly attached to you
                  | that may absorb projectiles. [Jiyva's grace]
 47288 | Crypt:2  | Gained mutation: You are very agile. (Dex +8, Str/Int -2)
                  | [Jiyva's grace]
 47517 | Crypt:3  | Entered Level 3 of the Crypt
 47521 | Crypt:3  | Found a runed translucent door.
 47522 | Crypt:3  | Found a shimmering altar of Xom.
 47522 | Crypt:3  | Noticed Fysokimp's ghost (adept DgNe)
 47526 | Crypt:3  | Identified the +0 morningstar of Generosity {chaos, *Slow
                  | Fly rPois Int-2}
 47539 | Crypt:3  | Reached skill level 5 in Hexes
 47645 | Crypt:3  | Reached XP level 26. HP: 201/201 MP: 35/35
 48302 | Crypt:3  | Found a staircase to the Tomb.
 48545 | Crypt:3  | Got the Cyclopedia of the Autopsy
 48592 | Crypt:3  | Learned a level 5 spell: Summon Mana Viper
 48699 | Crypt:3  | Identified the staff "Xas Vemm" {rElec rC+ Fire Ice}
 49312 | Orc:2    | Bought a runed double sword for 702 gold pieces
 49604 | D:2      | Bought 2 potions of might for 104 gold pieces
 49604 | D:2      | Bought a potion of might for 52 gold pieces
 49604 | D:2      | Bought a potion of might for 52 gold pieces
 49604 | D:2      | Bought a potion of might for 52 gold pieces
 49604 | D:2      | Bought a potion of mutation for 104 gold pieces
 49630 | D:2      | Bought a potion of haste for 130 gold pieces
 49630 | D:2      | Bought a potion of cancellation for 104 gold pieces
 49925 | Depths:1 | Bought a scroll of brand weapon for 370 gold pieces
 50220 | D:2      | Bought a potion of curing for 39 gold pieces
 50220 | D:2      | Bought 2 potions of curing for 78 gold pieces
 50220 | D:2      | Bought a potion of curing for 39 gold pieces
 50246 | D:2      | Bought 2 potions of curing for 78 gold pieces
 50610 | Zot:1    | Entered Level 1 of the Realm of Zot
 50944 | Zot:5    | Entered Level 5 of the Realm of Zot
 51224 | Zot:5    | Noticed an orb of fire
 51224 | Zot:5    | Noticed a Killer Klown
 51227 | Zot:5    | Noticed an orb of fire
 51234 | Zot:5    | Noticed an orb of fire
 51238 | Zot:5    | Lost mutation: You are very agile. (Dex +8, Str/Int -2)
                  | [Jiyva's grace]
 51238 | Zot:5    | Lost mutation: You are agile. (Dex +4, Str/Int -1) [Jiyva's
                  | grace]
 51238 | Zot:5    | Lost mutation: You passively map a large area around you.
                  | [Jiyva's grace]
 51238 | Zot:5    | Lost mutation: Your thick and shaggy fur keeps you warm.
                  | (AC +3, rC+) [Jiyva's grace]
 51238 | Zot:5    | Lost mutation: You have a small jelly attached to you that
                  | may absorb projectiles. [Jiyva's grace]
 51238 | Zot:5    | Gained mutation: Your muscles are strong. (Str +4, Int/Dex
                  | -1) [Jiyva's grace]
 51238 | Zot:5    | Gained mutation: Your muscles are very strong. (Str +8,
                  | Int/Dex -2) [Jiyva's grace]
 51238 | Zot:5    | Gained mutation: You have an increased reservoir of magic.
                  | (+10% MP) [Jiyva's grace]
 51238 | Zot:5    | Gained mutation: You have a considerably increased
                  | reservoir of magic. (+20% MP) [Jiyva's grace]
 51244 | Zot:5    | Noticed a dread lich
 51255 | Zot:5    | Killed a dread lich
 51256 | Zot:5    | Reached skill level 10 in Evocations
 51278 | Zot:5    | Killed an orb of fire
 51279 | Zot:5    | Noticed an orb of fire
 51283 | Zot:5    | Killed an orb of fire
 51294 | Zot:5    | Killed an orb of fire
 51315 | Zot:5    | Got a prismatic gem with 56 turns to spare
 51326 | Zot:5    | Noticed a dread lich
 51333 | Zot:5    | Killed a dread lich
 51342 | Zot:5    | Reached XP level 27. HP: 207/207 MP: 43/43
 51342 | Zot:5    | Noticed a dread lich
 51348 | Zot:5    | Killed a dread lich
 51375 | Zot:5    | Upgraded the game from 0.32-a0-585-gef4fe23122 to
                  | 0.32-a0-599-gba8f9cf90e
 51395 | Zot:5    | Noticed an orb of fire
 51398 | Zot:5    | Noticed an orb of fire
 51410 | Zot:5    | Killed an orb of fire
 51418 | Zot:5    | Killed an orb of fire
 51431 | Zot:5    | Killed an orb of fire
 51436 | Zot:5    | Noticed a dread lich
 51444 | Zot:5    | Noticed an orb of fire
 51448 | Zot:5    | Noticed a dread lich
 51452 | Zot:5    | Killed a dread lich
 51458 | Zot:5    | Killed an orb of fire
 51465 | Zot:5    | Killed a dread lich
 51654 | Zot:5    | Got the Orb of Zot
 51900 | Depths:2 | Noticed Nuton the pandemonium lord
 51907 | Depths:2 | Killed Nuton the pandemonium lord
 51916 | Depths:2 | Noticed Mualloobri the pandemonium lord
 52324 | D:$      | Escaped with the Orb!

Illustrated notes

Levels and vault maps discovered:
D:1:      dpeg_arrival_simpleton_a, layout_loops_ring,
          shapermc_ecumenical_altar_flowoftime
D:2:      layout_basic, serial_shops, nicolae_shop_statue_plus, shop,
          shop_statue, nicolae_shop_industrial_runoff
D:3:      layout_rooms, serial_curves, eino_curves_03, eino_curves_03,
          eino_curves_03, hex_large, uniq_jessica, uniq_terence
D:4:      layout_gridville, gammafunk_temple_overflow_claw,
          minmay_misc_feat_five
D:5:      layout_loops_ring, gammafunk_ghost_nasty_kobolds,
          gup_sewer_entry_glass
D:6:      layout_rooms, minmay_temple_entry_tees, serial_corexii_hall,
          corexii_hall_statues_u, corexii_hall_statues_s
D:7:      layout_layer_cave, amcnicky_altar_gilded, nicolae_overflow_squiral,
          minmay_holes, uniq_pikel
D:8:      layout_gridville, ebering_ghost_rock_garden, special_room
          [special_room_orc]
D:9:      layout_irregular_city, gammafunk_ghost_ooze, nicolae_hexahallways
D:10:     layout_roguey, mainiacjoe_overflow_concentric_impassable,
          minmay_lair_entry_grove, nicolae_the_louvre, uniq_josephine
D:11:     layout_roguey [special_room_orc], okawaru_gym_becter
D:12:     layout_stronghold, zombieorc1_lemuel, serial_column_ruins,
          column_ruins_hut_ruined, column_ruins_open_small,
          column_ruins_corridor_straight, column_ruins_columns_straight,
          column_ruins_open_large, column_ruins_open_small,
          column_ruins_open_large, dk_noncrumbling_2, uniq_gastronok,
          uniq_psyche
D:13:     layout_irregular_city
D:14:     layout_roguey, david_vaults_4, serial_corexii_hall,
          chequers_hall_statues_wall_a, corexii_hall_statues_l,
          kennysheep_generic_room_14
D:15:     hangedman_depths_entry_civil_slaughter, layout_long_grid,
          roderic_roman_lattice, nicolae_shop_i_like_small_books_too,
          minmay_more_statues, uniq_agnes, uniq_azrael
Temple:   bh_familiar_temple
Lair:1:   layout_misc_corridors, grunt_megastairs_4
Lair:2:   layout_roguey, cheibrodos_lair_reptile_den, grunt_megastairs_5,
          infiniplex_staircase_pool_2
Lair:3:   nzn_winding_woodlands_stair_trap [nzn_winding_woodlands_5x15_default,
          nzn_winding_woodlands_5x15_crooked,
          nzn_winding_woodlands_5x15_pathside_ponds,
          nzn_winding_woodlands_15x15_boxy_spiral,
          nzn_winding_woodlands_5x15_cabin, nzn_winding_woodlands_5x15_sawtooth,
          nzn_winding_woodlands_5x15_concentric], layout_chaotic_city,
          swamp_mist, minmay_snake_entry_six_corridors, serial_bayou_shore_b
Lair:4:   layout_cave_pods, nicolae_slime_entry_slimehenge
Lair:5:   wormcave, layout_regular_city, hangedman_lair_in_review,
          nicolae_lair_yak_garden, serial_bayou_shore_b, uniq_kirke
Swamp:1:  layout_falls_marsh, nicolae_swamp_trees_clearing, swamp_pool_4,
          nicolae_island_escapes, nicolae_swamp_tree_isthmus
Swamp:2:  layout_basic_swamp, nicolae_swamp_small_spring, uniq_nikola
Swamp:3:  nicolae_swamp_phyte_club, layout_basic_swamp,
          evilmike_swamp_ruin_house_1, nicolae_swamp_round_clearing,
          swamp_pool_1_2
Swamp:4:  swamp_old_school, layout_basic_swamp
Snake:1:  layout_rooms, nicolae_triple_integral, minmay_shop_star,
          uniq_mlioglotl
Snake:2:  layout_rooms, basic_altar, grunt_megastairs_3, serial_bayou_shore_b,
          serial_bayou_shore_b, uniq_donald, uniq_vashnia, uniq_asterion,
          uniq_aizul
Snake:3:  layout_honeycomb, nicolae_snake_snakes_in_the_grass
Snake:4:  grunt_snake_rune_serpentine_throne, layout_basic
Slime:1:  layout_caves, nicolae_slime_getting_an_eyeful
Slime:2:  layout_caves, basic_altar
Slime:3:  layout_caves
Slime:4:  layout_caves
Slime:5:  slime_pit_nicolae_jellycorners
Orc:1:    layout_caves, lightli_church_of_beogh, uniq_snorg
Orc:2:    st_orc_mages, layout_caves
Elf:1:    layout_onion_city, enter_trove_6, minmay_elf_demonology,
          nicolae_elf_altarnating
Elf:2:    elven_hall_of_blades_hangedman_original
          [nicolae_blade_entry_pointy_end], layout_rooms, uniq_louise
Elf:3:    elf_hall, layout_onion_city, basic_altar,
          dilly_guarded_unrand_elemental_staff
Vaults:1: nicolae_vaults_ring_of_whatevers,
          vaults_standard_mumra_enter_the_diamond, nicolae_vaults_apartment_1,
          serial_library_hellmonk_open_cross, nicolae_vaults_double_plus_1,
          nicolae_vaults_surprise_closet, nicolae_vaults_alarming,
          nicolae_vaults_octothorpe, nicolae_vaults_tetromino_Z_1,
          layout_vaults_chaotic_city
Vaults:2: nicolae_vaults_trapezoid_lopsided_1, v_alt_pattern_4,
          nicolae_vaults_apartment_1, nicolae_vaults_closet_pinwheel_1,
          hangedman_vaults_variations, nicolae_vaults_trapezoid_2, v_misc_18,
          nicolae_vaults_tetromino_L_1, nicolae_vaults_little_squares_4,
          nicolae_vaults_tangram_2, layout_vaults_ring
Vaults:3: vaults_room_pools, minmay_crypt_entry_simple_walls,
          nicolae_vaults_sesquioval_fish, vaults_mumra_minichess_inversion,
          serial_ice_b, nicolae_vaults_house_1, v_misc_28,
          nicolae_vaults_storage_room_statues,
          nicolae_vaults_diagonal_hallway_8, nicolae_vaults_border_crossing,
          nicolae_vaults_windows_and_doors_thing, nicolae_vaults_arrows,
          layout_vaults_maze_snakey, serial_shops, nicolae_shop_trees
Vaults:4: hangedman_vaults_corner, nicolae_vaults_closet_pinwheel_2,
          hangedman_vaults_trim, nicolae_vaults_trapezoid_lopsided_1,
          nicolae_vaults_little_squares_6, v_misc_5, hangedman_vaults_hat,
          v_misc_4, vaults_dpeg_hooks, nicolae_vaults_tetromino_T_2,
          nicolae_vaults_diamond_1, layout_vaults_omnibox, uniq_bai_suzhen,
          uniq_frederick, uniq_sojobo, uniq_saint_roka
Vaults:5: uniq_xtahua
Crypt:1:  layout_gridlike, serial_library_hellmonk_room_c
Crypt:2:  hangedman_hall_of_fallen_heroes, layout_chaotic_city, uniq_margery
Crypt:3:  due_elkab, layout_chaotic_city, tomb_entry_shell_bobbens,
          ebering_ghost_xom
Depths:1: layout_basic, enter_ziggurat_b, tso_metal_star, grunt_mini_vestibule,
          rand_demon_pan_entry_7, minmay_misc_feat_four_crosses,
          nicolae_ru_awakened_eye, minmay_shoptagon
Depths:2: box_level_dp, hell_entry, pan_entry, uniq_boris
Depths:3: lightli_eight_chambers, layout_gridlike,
          chequers_serial_rivers_micro_e, serial_shops, shop,
          nicolae_shop_crystal, abyss_entry, rand_demon_pan_entry_1, hell_entry,
          minmay_shop_enchanted_jewellery, nrook_campfire, uniq_vv, uniq_norris,
          uniq_mennas, uniq_josephina
Depths:4: grunt_x_marks_the_spot, layout_long_grid,
          minmay_misc_feat_secret_circle, hell_entry, uniq_jory
Zot:1:    layout_misc_corridors, grunt_ministairs_11
Zot:2:    nicolae_zot_draconian_monastery, layout_gridlike,
          regret_index_zotdec_barnacled_simple, lemuel_golem_globe
Zot:3:    layout_onion, regret_index_zotdec_misc_clamp
Zot:4:    layout_misc_corridors, hangedman_zot_decor_scrapings,
          grunt_megastairs_1
Zot:5:    layout_cathedral_of_symmetry

Skill      XL: |  1  2  3  4  5  6  7  8  9 10 11 12 13 14 15 16 17 18 19 20 21 22 23 24 25 26 27 |
---------------+----------------------------------------------------------------------------------+-----
Stealth        | 1 2 3 7 |  7.0
Dodging        | 1 2 4 6 7 9 11 12 13 14 15 16 17 18 20 21 23 | 23.0
Fighting       | 3 4 5 7 8 10 11 13 14 15 16 18 19 20 21 22 23 | 23.8
Summonings     | 1 2 4 6 10 13 | 13.0
Ice Magic      | 1 2 4 6 |  6.6
Spellcasting   | 2 3 4 6 7 8 9 |  9.0
Short Blades   | 6 7 |  7.1
Evocations     | 2 6 11 13 | 13.0
Long Blades    | 5 9 11 12 13 15 16 17 | 17.4
Translocations | 4 5 6 7 |  7.0
Shapeshifting  | 8 10 13 16 17 18 | 18.0
Shields        | 2 5 9 13 15 | 15.0
Air Magic      | 4 6 |  6.0
Hexes          | 5 8 |  8.0
Polearms       | |  1.0
Invocations    | |  2.0

Action                     |  1- 3 |  4- 6 |  7- 9 | 10-12 | 13-15 | 16-18 | 19-21 | 22-24 | 25-27 || total
---------------------------+-------+-------+-------+-------+-------+-------+-------+-------+-------++-------
  Melee: Short sword       |    63 |    74 |   131 |   163 |    23 |       |       |       |       ||   454
         Constrict         |    15 |    18 |    27 |    77 |    86 |   170 |   160 |   128 |   135 ||   816
         Tentacles         |    16 |    16 |    28 |   128 |   171 |   201 |   379 |   432 |   373 ||  1744
         Peck              |       |       |       |    37 |       |       |       |       |       ||    37
         Scimitar          |       |       |       |   279 |   607 |   662 |  1111 |   391 |       ||  3050
         Pseudopods        |       |       |       |    12 |   217 |   198 |   412 |   465 |   391 ||  1695
         Bite              |       |       |       |       |    94 |   125 |   225 |   236 |       ||   680
         Kick              |       |       |       |       |   161 |   106 |   615 |   242 |       ||  1124
         Maw               |       |       |       |       |       |   217 |   504 |   224 |       ||   945
         Demon blade       |       |       |       |       |       |       |       |   742 |  1045 ||  1787
   Fire: Orcbow            |       |       |    32 |       |       |       |       |       |       ||    32
  Throw: Dart              |     8 |     6 |     9 |     8 |     2 |       |       |       |       ||    33
   Cast: Summon Ice Beast  |       |       |    21 |    59 |    46 |    21 |     9 |       |       ||   156
         Ozocubu's Armour  |       |       |     1 |    26 |    31 |     3 |     2 |       |       ||    63
         Summon Cactus Gia |       |       |       |       |       |    12 |    22 |    14 |    11 ||    59
         Summon Forest     |       |       |       |       |       |       |       |     2 |     6 ||     8
         Vhi's Electric Ch |       |       |       |       |       |       |       |     1 |     6 ||     7
         Summon Mana Viper |       |       |       |       |       |       |       |       |     4 ||     4
         Passage of Golubr |       |       |       |       |       |       |       |       |     2 ||     2
         Manifold Assault  |       |       |       |       |       |       |       |       |    17 ||    17
 Invoke: Oozemancy         |       |       |       |     1 |     7 |     8 |     9 |     7 |       ||    32
         Slimify           |       |       |       |     1 |     3 |     1 |     8 |     4 |       ||    17
  Evoke: Wand              |       |       |     2 |     3 |     9 |       |     1 |     3 |     7 ||    25
    Use: Scroll            |     2 |     3 |     3 |     4 |    10 |     8 |     5 |    11 |    17 ||    63
         Potion            |       |     1 |     2 |       |     1 |     4 |       |     1 |     6 ||    15
   Stab: Sleeping          |     6 |    12 |    10 |    12 |    18 |    25 |    32 |     9 |    15 ||   139
         Distracted        |       |     1 |     2 |     3 |     7 |     4 |    14 |     7 |    17 ||    55
         Confused          |       |       |       |       |     1 |     1 |       |       |       ||     2
 Armour: Skin              |    19 |    27 |    67 |   155 |   191 |   145 |   186 |   262 |   145 ||  1197
  Dodge: Dodged            |    24 |    36 |    65 |   258 |   464 |   519 |  1081 |  1445 |   916 ||  4808
  Block: Buckler           |       |       |       |       |     4 |   148 |   153 |       |       ||   305
         Kite shield       |       |       |       |       |       |       |   669 |  1677 |  1564 ||  3910
         Reflection        |       |       |       |       |       |       |    30 |    26 |    17 ||    73
         Form:             |       |       |       |       |     1 |       |       |       |       ||     1
         Beast             |       |       |       |       |     1 |       |       |       |       ||     1
         Maw               |       |       |       |       |       |     1 |       |       |       ||     1
         Statue            |       |       |       |       |       |       |       |     1 |       ||     1

Table legend: (Time is in decaauts)
 A = Elapsed time spent in this place.
 B = Non-inter-level travel time spent in this place.
 C = Inter-level travel time spent in this place.
 D = Time resting spent in this place.
 E = Time spent auto-exploring this place.
 F = Levels seen in this place.
 G = Mean time per level.
                   A        B        C        D        E       F      G
               +--------+--------+--------+--------+--------+-----+--------+
         Total |  57423 |  47377 |  10046 |   2622 |  26154 |  57 | 1007.4 |
       Dungeon |  19095 |  13875 |   5220 |   1868 |   7108 |  15 | 1273.0 |
        Temple |      1 |      1 |      0 |      0 |      0 |   1 |    1.0 |
          Lair |   5723 |   4784 |    939 |     33 |   2826 |   5 | 1144.6 |
         Swamp |   2691 |   2549 |    142 |      0 |   1663 |   4 |  672.8 |
     Snake Pit |   3494 |   3254 |    240 |     51 |   2061 |   4 |  873.5 |
    Slime Pits |    191 |    160 |     31 |      0 |      0 |   5 |   38.2 |
  Orcish Mines |   1800 |   1286 |    514 |      8 |    545 |   2 |  900.0 |
   Elven Halls |   4526 |   4012 |    514 |      3 |   1894 |   3 | 1508.7 |
        Vaults |   6363 |   5695 |    668 |     29 |   3515 |   5 | 1272.6 |
         Crypt |   4187 |   3810 |    377 |      0 |   2793 |   3 | 1395.7 |
        Depths |   7049 |   5748 |   1301 |     45 |   3461 |   4 | 1762.2 |
           Zot |   1509 |   1412 |     97 |     53 |    252 |   5 |  301.8 |
         Sewer |    789 |    789 |      0 |    531 |     35 |   1 |  789.0 |
               +--------+--------+--------+--------+--------+-----+--------+

Top non-repeatable levels by time:
     D:5: 2629 daAuts
Depths:3: 2480 daAuts
   Elf:3: 2277 daAuts
Depths:2: 2239 daAuts
 Crypt:3: 2089 daAuts
Vaults:5: 1969 daAuts
     D:7: 1676 daAuts
  Lair:3: 1642 daAuts
  Lair:5: 1487 daAuts
     D:8: 1453 daAuts
     D:4: 1437 daAuts
    D:12: 1350 daAuts
     D:9: 1322 daAuts
    D:14: 1295 daAuts
Vaults:1: 1277 daAuts
